 Dungeon Crawl Stone Soup version 0.30-a0-1160-g6e42c06551 (webtiles) character file.

Game seed: 1484883851256772308

5784 Newt the Skirmisher (level 10, -3/73 HPs)
             Began as a Demonspawn Gladiator on Apr 26, 2023.
             Was an Initiate of Gozag.
             Slain by a yak (12 damage)
             ... on level 9 of the Dungeon.
             The game lasted 00:07:51 (7496 turns).

Newt the Skirmisher (Demonspawn Gladiator)          Turns: 7496, Time: 00:07:51

Health: -3/73      AC:  5    Str: 17    XL:     10   Next: 50%
Magic:  10/10      EV: 16    Int:  6    God:    Gozag
Gold:   649        SH:  5    Dex: 24    Spells: 9/9 levels left

rFire   + + +        y - +9 sling of Vasoboti {flame, rPois rF+++ Will-}
rCold   + . .        (no shield)
rNeg    . . .        b - +1 leather armour
rPois   +            (helmet restricted)
rElec   +            h - scarf {harm}
rCorr   +            (no gloves)
SInv    .            (no boots)
Will    .....        l - amulet of reflection
Stlth   ++           D - ring of resist corrosion
HPRegen 0.32/turn    E - ring of Eternal Harmony {rElec rC+ Int-4 Dex+8}
MPRegen 0.12/turn

%: harm (+30% outgoing, +20% incoming), reflection
@: gold aura
A: antennae 1, rugged brown scales 1, demonic guardian 2
a: Renounce Religion, Potion Petition, Call Merchant, Bribe Branch


You were on level 9 of the Dungeon.
You worshipped Gozag.
Gozag was pleased with you.
You visited 1 branch of the dungeon, and saw 9 of its levels.

You collected 1366 gold pieces.
You spent 663 gold pieces at shops.
You paid 54 gold pieces to Gozag.

Inventory:

Hand Weapons
 a - a +1 rapier of flaming
 e - a +0 heavy war axe
 y - the +9 sling of Vasoboti (weapon) {flame, rPois rF+++ Will-}
   (You found it on level 4 of the Dungeon)

   rF:        It renders you almost immune to fire.
   rPois:     It protects you from poison.
   Will:      It decreases your willpower.
Missiles
 d - 3 throwing nets
 g - 31 poisoned darts
 p - a javelin
 r - 94 stones
Armour
 b - a +1 leather armour (worn)
 c - a +0 helmet
 h - a scarf of harm (worn)
Jewellery
 l - an amulet of reflection (around neck)
 C - a +6 ring of intelligence
 D - a ring of resist corrosion (left hand)
 E - the ring of Eternal Harmony (right hand) {rElec rC+ Int-4 Dex+8}
   (You bought it in a shop on level 6 of the Dungeon)

   [ring of protection from cold]

   Int:       It affects your intelligence (-4).
   Dex:       It affects your dexterity (+8).
   rC:        It protects you from cold.
   rElec:     It insulates you from electricity.
Wands
 q - a wand of acid (8)
 t - a wand of digging (4)
 x - a wand of charming (10)
 A - a wand of flame (16)
 F - a wand of iceblast (4)
Scrolls
 k - a scroll of butterflies
 u - a scroll of magic mapping
 z - 2 scrolls of silence
 H - a scroll of poison {unknown}
Potions
 f - 4 potions of attraction
 i - 2 potions of magic
 j - 3 potions of flight
 m - 4 potions of heal wounds
 n - a potion of curing
 o - 4 potions of lignification
 s - a potion of mutation {unknown}
 v - 2 potions of brilliance {unknown}
 w - a potion of cancellation {unknown}
 B - a potion of invisibility {unknown}
 G - a potion of might {unknown}


   Skills:
 - Level 4.0 Fighting
 - Level 2.6 Short Blades
 - Level 2.6 Axes
 + Level 11.4 Ranged Weapons
 - Level 4.0 Throwing
 - Level 4.0 Armour
 - Level 6.0 Dodging


You had 9 spell levels left.
You didn't know any spells.
Your spell library contained the following spells:

 Spells                   Type           Power      Damage    Failure   Level
 Cigotuvi's Dreadful Rot  Necr/Pois/Air  0%         N/A       65%         2
 Lesser Beckoning         Tloc           0%         N/A       65%         2
 Static Discharge         Conj/Air       0%         2-2/arc   65%         2
 Gell's Gravitas          Tloc           0%         N/A       87%         3
 Ignite Poison            Fire/Tmut/Pois 0%         N/A       87%         3
 Teleport Other           Tloc           0%         N/A       87%         3
 Vhi's Electric Charge    Tloc/Air       0%         N/A       87%         3
 Airstrike                Air            0%         2d(0-16)  99%         4
 Summon Lightning Spire   Summ/Air       0%         N/A       99%         4
 Arcjolt                  Conj/Air       0%         1d10      100%        5
 Freezing Cloud           Conj/Ice/Air   0%         6-21      100%        5
 Maxwell's Capacitive Co  Air            0%         ∞         100%        8


Dungeon Overview and Level Annotations

Branches:
Dungeon (10/15)            Temple (0/1) D:6
   Lair: D:8-11         Orc: D:9-12

Altars:
Ashenzari
Cheibriados
Gozag
Hepliaklqana
Kikubaaqudgha
Sif Muna
Trog
Wu Jian
Xom

Shops:
D:6 *

Annotations:
D:10 1 runed translucent door


Innate Abilities, Weirdness & Mutations

You have a pair of small antennae on your head.
You are partially covered in rugged brown scales. (AC +1, +3% HP)
A demonic guardian rushes to your aid.


Message History

The yak dies!
Fire: y) +9 sling of Vasoboti {flame, rPois rF+++ Will-}
Press: ? - help, Shift-Dir - straight line, f - yak
Aim: a yak (82% to hit)
You shoot a sling bullet. The sling bullet barely misses the yak.
Your rust devil hits the yak!
Your rust devil corrodes the yak!
Unknown command.
Fire: y) +9 sling of Vasoboti {flame, rPois rF+++ Will-}
Press: ? - help, Shift-Dir - straight line, f/p - yak
Aim: a yak (moderately wounded, covered in acid, ally target, 82% to hit)
You shoot a sling bullet. The sling bullet hits the yak!
The sling bullet burns the yak.
You kill the yak!
Your rust devil hits the yak.
Your rust devil corrodes the yak!
Fire: y) +9 sling of Vasoboti {flame, rPois rF+++ Will-}
Press: ? - help, Shift-Dir - straight line, f - yak
Aim: a yak (lightly wounded, covered in acid, ally target, 82% to hit)
You shoot a sling bullet. The sling bullet hits the yak!
The sling bullet burns the yak.
The yak is heavily wounded.
The yak gores you!
* * * LOW HITPOINT WARNING * * *
Your rust devil barely misses the yak.
Fire: y) +9 sling of Vasoboti {flame, rPois rF+++ Will-}
Press: ? - help, Shift-Dir - straight line, f/p - yak
Aim: a yak (heavily wounded, covered in acid, ally target, 82% to hit)
You shoot a sling bullet. The sling bullet hits the yak!
The sling bullet burns the yak.
The yak is almost dead.
The yak gores you.
* * * LOW HITPOINT WARNING * * *
Your rust devil closely misses the yak.
Unknown command.
You feel better. The yak gores you!
* * * LOW HITPOINT WARNING * * *
Your rust devil closely misses the yak.
Unknown command.
You feel better. The yak gores you!
You die...
Your body crumbles into a pile of gold.

########.......##.....####..
######.......####.....<..........
.......#######..#...#)......###.#
.#.##..# #.....#...#.......# #..
....#..# ##..._.###........## #.#
.#.....# #......# #####...## #..
.####.## #..##..# #<..# ###
.###..# #...##### #...# #..
....#.## #..#.##@# #...# #.#
##.###.###.....#Y######...#####.#
#.## ##)##.......4.......>).....#
.## ##.....#.>.................
#.## ##.###.>..##..............>.
##.###.## #.###########...#######
....#.## #...# #...#
####..#######.# #...#
#####.##...##.# #...# ##


You could see a yak (corroded, ally target) and a friendly rust devil
(summoned).

Vanquished Creatures
  Pikel (D:5)
  A kobold demonologist (D:9)
  2 trolls (D:10)
  9 yaks
  2 steam dragons (D:9)
  Menkaure (D:4)
  2 orc warriors (D:9)
  An ogre (D:6)
  3 centaurs
  2 lemures (D:5)
  2 kobold brigands
  4 phantoms (D:5)
  4 scorpions
  4 wights (D:9)
  8 killer bees (D:9)
  A howler monkey (D:5)
  7 hounds
  A jelly (D:5)
  4 orc priests
  Ijyb (D:3)
  6 iguanas
  10 orc wizards
  11 gnolls
  5 adders
  A shadow imp (D:5)
  A white imp (D:6)
  4 worms
  3 dart slugs
  24 orcs
  6 ball pythons
  A bat (D:3)
  5 endoplasms
  3 giant cockroaches
  6 goblins
  3 hobgoblins
  2 jackals (D:3)
  2 quokkas
  5 frilled lizards
  13 kobolds
  2 rats
173 creatures vanquished.

Vanquished Creatures (collateral kills)
  A yak (D:9)
  3 orcs
  2 hobgoblins
  A jackal (D:3)
  A quokka (D:1)
  A rat (D:1)
9 creatures vanquished.

Grand Total: 182 creatures vanquished

Notes
Turn   | Place    | Note
-------+----------+-------------------------------------------
     0 | D:1      | Newt the Demonspawn Gladiator began the quest for the Orb.
     0 | D:1      | Reached XP level 1. HP: 16/16 MP: 1/1
   375 | D:1      | Gained mutation: A weak demonic guardian rushes to your
                  | aid. [demonic ancestry]
   375 | D:1      | Reached XP level 2. HP: 23/23 MP: 2/2
   771 | D:2      | Found an ancient bone altar of Kikubaaqudgha.
  1553 | D:3      | Reached XP level 3. HP: 29/29 MP: 3/3
  1894 | D:3      | Gained mutation: You are partially covered in rugged brown
                  | scales. (AC +1, +3% HP) [demonic ancestry]
  1894 | D:3      | Reached XP level 4. HP: 25/38 MP: 4/4
  2121 | D:3      | Found a shimmering altar of Xom.
  2132 | D:3      | Noticed Ijyb
  2143 | D:3      | Killed Ijyb
  2437 | D:3      | Gained mutation: You have a pair of small antennae on your
                  | head. [demonic ancestry]
  2437 | D:3      | Reached XP level 5. HP: 29/43 MP: 5/5
  2717 | D:4      | Found an opulent altar of Gozag.
  2752 | D:4      | HP: 2/43 [scorpion (3)]
  2757 | D:4      | Reached skill level 1 in Axes
  3085 | D:4      | Became a worshipper of Gozag Ym Sagoz the Greedy
  3219 | D:4      | Reached XP level 6. HP: 49/49 MP: 6/6
  3240 | D:4      | Identified the +9 sling of Vasoboti {flame, rPois rF+++
                  | Will-}
  3609 | D:4      | Reached skill level 1 in Ranged Weapons
  3746 | D:4      | Reached skill level 2 in Ranged Weapons
  3777 | D:4      | Noticed Menkaure
  3781 | D:4      | Killed Menkaure
  3782 | D:4      | Reached skill level 3 in Ranged Weapons
  3782 | D:4      | Gained mutation: A demonic guardian rushes to your aid.
                  | [demonic ancestry]
  3782 | D:4      | Reached XP level 7. HP: 26/55 MP: 7/7
  3980 | D:5      | Entered Level 5 of the Dungeon
  3991 | D:5      | Reached skill level 4 in Ranged Weapons
  4055 | D:5      | Noticed Pikel
  4061 | D:5      | Killed Pikel
  4062 | D:5      | Reached skill level 6 in Ranged Weapons
  4062 | D:5      | Reached XP level 8. HP: 42/61 MP: 8/8
  4209 | D:5      | Reached skill level 7 in Ranged Weapons
  4529 | D:5      | Found an ornate altar of the Wu Jian Council.
  4531 | D:5      | Found a bloodstained altar of Trog.
  4531 | D:5      | Found a snail-covered altar of Cheibriados.
  4594 | D:5      | Reached skill level 5 in Dodging
  5139 | D:6      | Reached XP level 9. HP: 66/66 MP: 9/9
  5237 | D:6      | Found a staircase to the Ecumenical Temple.
  5367 | D:6      | Found Yrezesij's General Store.
  5488 | D:6      | Reached skill level 8 in Ranged Weapons
  5841 | D:6      | Bought the ring of Eternal Harmony {rElec rC+ Int-4 Dex+8}
                  | for 663 gold pieces
  5848 | D:7      | You fall into a shaft and drop 3 floors!
  5848 | D:10     | Entered Level 10 of the Dungeon
  5862 | D:10     | Noticed a troll
  5866 | D:10     | Killed a troll
  5866 | D:10     | Noticed a troll
  5870 | D:10     | Killed a troll
  5871 | D:10     | Reached skill level 9 in Ranged Weapons
  5990 | D:10     | Reached skill level 10 in Ranged Weapons
  5995 | D:10     | Reached skill level 1 in Armour
  6311 | D:10     | Found a runed translucent gate.
  6404 | D:9      | Found a broken altar of Ashenzari.
  6436 | D:9      | Reached XP level 10. HP: 37/73 MP: 10/10
  6684 | D:9      | Found a shimmering blue altar of Sif Muna.
  6686 | D:9      | Found an ancient bone altar of Kikubaaqudgha.
  6726 | D:9      | Noticed a soul eater
  6914 | D:9      | Found a runed translucent door.
  6981 | D:9      | Found a hazy altar of Hepliaklqana.
  7254 | D:9      | Reached skill level 11 in Ranged Weapons
  7495 | D:9      | HP: 2/73 [yak (12)]
  7496 | D:9      | Slain by a yak

Illustrated notes

Levels and vault maps discovered:
D:1:      arrival_zaba_pyramid, layout_basic
D:2:      layout_basic, basic_altar, dk_vineyard_1, nicolae_eternal_life
D:3:      layout_rooms, mainiacjoe_overflow_tiny_flanked, uniq_ijyb
D:4:      layout_cave_pools, grunt_gozag_statues, uniq_menkaure
D:5:      cheibrodos_barr_body, layout_basic,
          gammafunk_temple_overflow_forgotten, hangedman_decor_lopped,
          uniq_pikel
D:6:      layout_basic, minmay_temple_entry_crystal_x, serial_shops,
          nicolae_shop_advertising_works [nicolae_subvault_shop_adworks],
          kennysheep_generic_room_6
D:7:      layout_cave_pools, grunt_temple_overflow_order_and_chaos_2,
          mainiacjoe_overflow_boulevard, uniq_duvessa
D:9:      layout_loops_cross, mainiacjoe_overflow_alcove_1, ashenzari_altar_1,
          gammafunk_temple_overflow_claw, lemuel_round_altar,
          lightli_church_of_beogh
D:10:     layout_roguey, hiddenorc1_lemuel, gammafunk_ghost_icy,
          kennysheep_generic_room_13, uniq_josephine

Skill      XL: |  1  2  3  4  5  6  7  8  9 10 |
---------------+-------------------------------+-----
Fighting       | 3 4 |  4.0
Throwing       | 2 3 4 |  4.0
Axes           | 2 |  2.6
Ranged Weapons | 3 6 7 10 11 | 11.4
Dodging        | 6 |  6.0
Armour         | 3 4 |  4.0
Short Blades   | |  2.6

Action                     |  1- 3 |  4- 6 |  7- 9 | 10-12 || total
---------------------------+-------+-------+-------+-------++-------
  Melee: Rapier            |   111 |       |       |       ||   111
         Punch             |     1 |     1 |       |       ||     2
         War axe           |    11 |    74 |       |       ||    85
   Fire: Sling             |       |    28 |   188 |    95 ||   311
  Throw: Javelin           |     1 |       |       |       ||     1
         Throwing net      |       |     3 |       |       ||     3
    Use: Scroll            |     4 |     3 |     5 |       ||    12
         Potion            |       |     3 |       |     2 ||     5
   Stab: Sleeping          |     1 |     1 |       |       ||     2
         Distracted        |     1 |       |       |       ||     1
 Armour: Leather armour    |    36 |    30 |    12 |     5 ||    83
         Skin              |       |     2 |       |       ||     2
  Dodge: Dodged            |    99 |    63 |    36 |    36 ||   234
  Block: Other             |     8 |    26 |    12 |     5 ||    51
         Reflection        |       |     1 |     2 |       ||     3

Table legend: (Time is in decaauts)
 A = Elapsed time spent in this place.
 B = Non-inter-level travel time spent in this place.
 C = Inter-level travel time spent in this place.
 D = Time resting spent in this place.
 E = Time spent auto-exploring this place.
 F = Levels seen in this place.
 G = Mean time per level.
                   A        B        C        D        E       F      G
               +--------+--------+--------+--------+--------+-----+--------+
         Total |   7614 |   7382 |    232 |   1612 |   4632 |   9 |  846.0 |
       Dungeon |   7614 |   7382 |    232 |   1612 |   4632 |   9 |  846.0 |
               +--------+--------+--------+--------+--------+-----+--------+

Top non-repeatable levels by time:
     D:3: 1453 daAuts
     D:9: 1163 daAuts
     D:4: 1089 daAuts
     D:5: 1042 daAuts
     D:6: 834 daAuts
     D:2: 803 daAuts
     D:1: 755 daAuts
    D:10: 471 daAuts
